 Dungeon Crawl Stone Soup version 0.17-a0-2055-gb4e23be (webtiles) character file.

1059 SlimeFever the Ducker (level 8, -4/62 HPs)
             Began as a Demonspawn Monk on Oct 11, 2015.
             Slain by an orc warrior
             ... wielding a +0 flail
              (12 damage)
             ... on level 5 of the Dungeon.
             The game lasted 00:24:18 (4298 turns).

SlimeFever the Ducker (Demonspawn Monk)             Turns: 4298, Time: 00:24:18

Health: -4/62      AC:  2    Str: 13    XL:     8   Next: 6%
Magic:  0/8        EV: 16    Int: 12    God:
Gold:   195        SH:  0    Dex: 16    Spells: 0 memorised, 7 levels left

rFire  . . .     SeeInvis .       - Unarmed
rCold  . . .     Clarity  +     a - +0 robe
rNeg   . . .     SustAt   .     (no shield)
rPois  +         Gourm    .     (helmet restricted)
rElec  .         Spirit   +     (no cloak)
rCorr  .         Warding  .     (no gloves)
rMut   .         Stasis   .     (no boots)
MR     .....                    q - amulet of clarity (curse)
Stlth  ++........               (no ring)
                                (no ring)

@: not resistant to hostile enchantments, unstealthy
A: antennae 2, hooves 1, blurry vision 1, clarity, poison resistance, spiny 1,
magic shield, magic regeneration
a: no special abilities


You were on level 5 of the Dungeon.
You were not hungry.

You visited 1 branch of the dungeon, and saw 5 of its levels.

You collected 195 gold pieces.

Inventory:

Missiles
 e - 12 poisoned needles
 f - 68 arrows
 g - 61 sling bullets
 o - 10 tomahawks (quivered)
 t - a throwing net
Armour
 a - a +0 robe (worn)
 j - a cursed +0 pair of gloves
Jewellery
 q - a cursed amulet of clarity (around neck)
Wands
 s - a wand of lightning (9)
Scrolls
 d - a scroll of identify
 n - a scroll of teleportation
 p - 3 scrolls of remove curse
Potions
 c - 2 potions of flight
 i - 4 potions of curing
 l - a potion of lignification
 m - a potion of brilliance
 u - a potion of ambrosia
Comestibles
 b - 3 bread rations
 h - a beef jerky
 k - a slice of pizza


   Skills:
 + Level 5.0 Fighting
 + Level 0.1 Throwing
 * Level 5.9 Dodging
 + Level 3.9 Stealth
 * Level 5.8 Unarmed Combat


You had 7 spell levels left.
You didn't know any spells.

Dungeon Overview and Level Annotations

Branches:
Dungeon (5/15)
 Temple: D:4-7

Altars:
Dithmenos
Elyvilon
Qazlal
Sif Muna
Vehumet


Innate Abilities, Weirdness & Mutations

You have a pair of antennae on your head.
You are partially covered in sharp spines.
When hurt, damage is shared between your health and your magic reserves.
You regenerate magic rapidly.
You have large cloven feet.
Scrolls take you a little longer to read.
You possess an exceptional clarity of mind.
Your system is resistant to poisons.


Message History

The orc warrior is severely wounded.
You hit the orc warrior.
You kick the orc warrior, but do no damage.
The orc warrior is almost dead.
The orc warrior hits you with a flail!!
* * * LOW HITPOINT WARNING * * *
You closely miss the orc warrior. Your kick misses the orc warrior.
The orc warrior is almost dead.
The orc warrior hits you with a flail.
* * * LOW HITPOINT WARNING * * *
You hit the orc warrior but do no damage.
You kick the orc warrior, but do no damage.
The orc warrior is almost dead.
The orc warrior closely misses you.
You feel better.
You barely miss the orc warrior.
The orc warrior is severely wounded.
The orc warrior is struck by your spines.
The orc warrior hits you with a flail!
You die...

.#'####''#######..).#########''##
.#........#....#..).#....#.#....#
.#........#.##.#....###.##†#.....
##'#...........#.)..#......'....#
...#############)')'#############
...#............)...(...... . #
####≈≈≈≈≈≈≈≈≈≈≈≈....≈≈≈≈≈≈≈ ≈≈#
≈≈≈≈≈≈≈≈≈≈≈≈≈≈≈≈).))≈≈≈≈≈≈≈ ≈≈≈
≈≈≈÷))≈≈≈≈)≈≈≈≈≈@(.)≈≈≈≈≈≈≈ ≈≈≈
...........))...o)......... ...
#####.>......)............. ...
#......................... ...
#.#...#.........#########. ...
#.#...'.........# ...
#.#...#...).....# ...
#.#..##.........# ...
#.#........#.#### ...


You could see an orc warrior.

Vanquished Creatures
  The ghost of SlimeFever the Insei, an amateur DsMo of Ru (D:4)
  A black bear (D:3)
  2 ogres (D:5)
  An orc priest (D:5)
  A hound (D:5)
  A giant frog skeleton (D:5)
  3 gnoll shamans (D:5)
  3 worker ants (D:4)
  A hound skeleton (D:4)
  A worker ant zombie (D:5)
  26 gnolls (D:5)
  5 adders
  An ooze (D:3)
  An adder zombie (D:5)
  An adder skeleton (D:4)
  2 worms
  4 giant geckos
  2 orcs
  6 hobgoblins
  21 jackals (D:5)
  5 kobolds
  A ball python (D:2)
  9 bats
  5 giant cockroaches
  A giant cockroach zombie (D:4)
  A giant gecko skeleton (D:4)
  5 giant newts
  9 goblins
  A jackal skeleton (D:5)
  A quokka zombie (D:5)
  3 rats
125 creatures vanquished.

Vanquished Creatures (others)
  A giant cockroach (D:2)
1 creature vanquished.

Grand Total: 126 creatures vanquished

Notes
Turn   | Place    | Note
--------------------------------------------------------------
     0 | D:1      | SlimeFever the Demonspawn Monk began the quest for the Orb.
     0 | D:1      | Reached XP level 1. HP: 18/18 MP: 1/1
   203 | D:1      | Gained mutation: You are partially covered in sharp spines. [demonic ancestry]
   203 | D:1      | Reached XP level 2. HP: 18/24 MP: 2/2
   399 | D:1      | Reached skill level 4 in Unarmed Combat
   813 | D:2      | Found a deep blue altar of Sif Muna.
   816 | D:2      | Found a stormy altar of Qazlal.
   819 | D:2      | Found a radiant altar of Vehumet.
   821 | D:2      | Gained mutation: You have a pair of small antennae on your head. [demonic ancestry]
   821 | D:2      | Reached XP level 3. HP: 25/29 MP: 3/3
  1094 | D:2      | Found a white marble altar of Elyvilon.
  1386 | D:3      | Gained mutation: Scrolls take you a little longer to read. [potion of mutation]
  1386 | D:3      | Gained mutation: You evolve. [potion of mutation]
  1386 | D:3      | Gained mutation: You have large cloven feet. [potion of mutation]
  1387 | D:3      | Gained mutation: Your spells are a little easier to cast, but a little less powerful. [potion of mutation]
  1387 | D:3      | Gained mutation: Your system is resistant to poisons. [potion of mutation]
  1387 | D:3      | Gained mutation: You possess an exceptional clarity of mind. [potion of mutation]
  1421 | D:3      | Gained mutation: When hurt, damage is shared between your health and your magic reserves. [demonic ancestry]
  1421 | D:3      | Reached XP level 4. HP: 30/35 MP: 4/4
  1597 | D:3      | Noticed a black bear
  1608 | D:3      | Killed a black bear
  1608 | D:3      | Gained mutation: You have a pair of antennae on your head. [demonic ancestry]
  1608 | D:3      | Reached XP level 5. HP: 20/42 MP: 2/5
  2096 | D:4      | Noticed SlimeFever's ghost (amateur DsMo)
  2812 | D:4      | Reached XP level 6. HP: 24/48 MP: 2/6
  2911 | D:4      | Killed SlimeFever's ghost
  2911 | D:4      | Reached skill level 5 in Unarmed Combat
  3043 | D:5      | Entered Level 5 of the Dungeon
  3059 | D:5      | Gained mutation: You regenerate magic rapidly. [demonic ancestry]
  3059 | D:5      | Reached XP level 7. HP: 28/55 MP: 4/7
  3167 | D:5      | Lost mutation: Your spells are a little easier to cast, but a little less powerful. [evolution]
  3167 | D:5      | Lost mutation: You evolve. [end of evolution]
  3408 | D:5      | Found a shadowy altar of Dithmenos.
  3730 | D:5      | Reached skill level 5 in Dodging
  3908 | D:5      | Reached skill level 5 in Fighting
  4277 | D:5      | Reached XP level 8. HP: 56/62 MP: 8/8
  4295 | D:5      | HP: 2/62 [orc warrior/flail (4)]
  4298 | D:5      | Slain by an orc warrior

Vault maps used:
D:1:      dpeg_arrival_windows_large_door, hangedman_glass_teeth
D:2:      grunt_temple_overflow_open, elyvilon_altar_4
D:4:      first_bread
D:5:      lemuel_castle_with_subvaults,
          nicolae_dithmenos_through_a_glass_darkly, kennysheep_mini_moat

Action                   |  1- 3 |  4- 6 |  7- 9 || total
-------------------------+-------+-------+-------++-------
Melee: Unarmed           |    55 |    79 |   193 ||   327
Throw: Tomahawk          |       |     1 |     1 ||     2
  Use: Scroll            |     7 |     5 |       ||    12
       Potion            |     2 |     1 |     2 ||     5
 Stab: Sleeping          |     3 |     4 |       ||     7
  Eat: Bread ration      |     1 |     1 |       ||     2
       Meat ration       |       |       |     1 ||     1
